AoeStats
← Muli

Socotra

505980550Analyzed
2v2 RM · 19d ago on Sep 11, 2026· 33m 32s· 4 players
Game mode
Random Map
Map size
Tiny (2 player)
Population
200
Speed
Normal
Resources
Standard
Victory
Conquest
Starting age
Dark Age
Ending age
Imperial Age
RankedLock teamsTeams togetherTeam positionsShared explorationLock speedFull tech treeHidden civsTurbo modeCheats
Victory
Defeat
🇦🇷 Britons · Argentina
1264
+15
🇲🇽 Armenians · Mexico
1227
+16
🇩🇪 Malay · Germany
1240
-16
🇩🇪 Sicilians · Germany
1233
-15
Invictus SPQR
6:22 Loom
9:27 Feudal Age
10:24 Man-at-Arms
12:44 Double-Bit Axe
16:30 Fletching
16:26 Horse Collar
18:30 Wheelbarrow
22:41 Castle Age
20:46 Gold Mining
21:37 Padded Archer Armor
22:13 Bodkin Arrow
22:50 Bow Saw
22:30 Elite Skirmisher
25:11 Scale Barding Armor
26:26 Husbandry
29:09 Elite Skirmisher
30:14 Hand Cart
30:10 Thumb Ring
30:31 Leather Archer Armor
32:24 Ballistics
Muli
6:14 Loom
11:01 Feudal Age
18:22 Fletching
24:34 Castle Age
32:15 Pikeman
90C
7:10 Loom
11:12 Feudal Age
14:55 Fletching
18:38 Padded Archer Armor
21:35 Castle Age
20:15 Gold Mining
21:42 Crossbowman
23:08 Bodkin Arrow
24:13 Ballistics
EDGAR_MAGNO_29
7:04 Loom
9:18 Feudal Age
12:50 Double-Bit Axe
14:37 Horse Collar
18:33 Fletching
22:02 Castle Age
22:04 Gold Mining
29:10 Pikeman
29:53 Squires
35:34 Imperial Age
34:24 Wheelbarrow
Connection lost

Rejoining the realm…

Still unreachable

The connection could not be restored.

Session expired

The server has moved on; the page needs a fresh start.